 Dungeon Crawl Stone Soup version 0.30-a0-377-g5cb311bc9f (webtiles) character file.

Game seed: 8760990246404269360

3708 drugrobin the Slicer (level 9, 0/68 HPs)
             Began as a Demigod Delver on Nov 29, 2022.
             Slain by a sky beast (6 damage)
             ... on level 8 of the Dungeon.
             The game lasted 00:28:24 (8967 turns).

drugrobin the Slicer (Demigod Delver)               Turns: 8967, Time: 00:28:24

Health: 0/68       AC:  4    Str: 17    XL:     9   Next: 60%
Magic:  1/11       EV: 12    Int: 20    God:
Gold:   268        SH:  0    Dex: 15    Spells: 5/8 levels left

rFire   . . .      SeeInvis .    b - +2 dagger (venom)
rCold   . . .      Faith    .    (no shield)
rNeg    . . .      Spirit   .    q - +0 leather armour {rPois}
rPois   +          Reflect  .    B - +0 helmet
rElec   .          Harm     .    (no cloak)
rCorr   .          Rampage  .    (no gloves)
Will    .....                    (no boots)
Stlth   +++.......               (no amulet)
HPRegen 0.31/turn                (no ring)
MPRegen 0.12/turn                (no ring)

@: no status effects
A: high MP 1, forlorn, divine attributes
a: no special abilities


You were on level 8 of the Dungeon.
You visited 1 branch of the dungeon, and saw 9 of its levels.

You collected 441 gold pieces.
You spent 173 gold pieces at shops.

Inventory:

Hand Weapons
 a - the +10 dagger "Susom" {vorpal, *Rage MP+9 Str+4 Dex+5}
   (You found it on level 5 of the Dungeon)

   It inflicts extra damage upon your enemies.
   Str:       It affects your strength (+4).
   Dex:       It affects your dexterity (+5).
   MP:        It affects your magic capacity (+9).
   *Rage:     It berserks you when you make melee attacks (+20% chance).
 b - a +2 dagger of venom (weapon)
 c - a +0 sling
 i - a +1 dagger of holy wrath
 u - a +5 dagger
 z - a +5 falchion
 G - a +4 short sword of freezing
Missiles
 h - 2 throwing nets
 I - 7 poisoned darts
Armour
 o - a +0 scale mail
 q - a +0 leather armour of poison resistance (worn)
 s - a +0 chain mail
 B - a +0 helmet (worn)
Magical Staves
 y - a staff of air
Wands
 g - a wand of digging (7)
 l - a wand of quicksilver (3)
 H - a wand of charming (1)
Scrolls
 d - 2 scrolls of magic mapping
 e - a scroll of fear
 j - 2 scrolls of immolation {unknown}
 m - 4 scrolls of enchant weapon
 n - 2 scrolls of poison {unknown}
 r - a scroll of teleportation {unknown}
 t - 3 scrolls of identify
 x - 2 scrolls of fog
 D - a scroll of brand weapon {unknown}
 E - a scroll of summoning {unknown}
 F - a scroll of enchant armour {unknown}
Potions
 f - 3 potions of haste
 k - a potion of resistance
 v - 2 potions of brilliance
 w - 3 potions of curing
 A - a potion of magic {unknown}
 C - a potion of flight {unknown}


   Skills:
 - Level 2.6 Fighting
 - Level 10.0 Short Blades
 - Level 1.7 Dodging
 - Level 4.5 Stealth
 + Level 8.7 Hexes


You had 5 spell levels left.
You knew the following spells:

 Your Spells              Type           Power      Damage    Failure   Level
a - Tukima's Dance        Hex            34%        N/A       1%          3

Your spell library contained the following spells:

 Spells                   Type           Power      Damage    Failure   Level
 Gell's Gravitas          Tloc           0%         N/A       56%         3
 Teleport Other           Tloc           0%         N/A       56%         3
 Yara's Violent Unravell  Hex/Tmut       8%         3d5       73%         5
 Passage of Golubria      Tloc           0%         N/A       93%         4
 Dispersal                Tloc           0%         N/A       100%        6


Dungeon Overview and Level Annotations

Branches:
Dungeon (9/15)             Temple (0/1) D:7
   Lair: D:8-11         Orc: D:9-12

Shops:
D:2 ?   D:4 (   D:5 !

Annotations:
D:2 1 runed translucent door, Crazy Yiuf


Innate Abilities, Weirdness & Mutations

You have an increased reservoir of magic. (+10% MP)
You shall have no god before yourself.
Your divine heritage dramatically boosts your attributes as you level up.


Message History

The wight barely misses you.
The sky beast hits your +2 long sword of freezing but does no damage.
Unknown command.
You barely miss the wight.
The wight is heavily damaged.
Your +2 long sword of freezing hits the wight!
The wight is destroyed!
Unknown command.
The sky beast flickers out of sight!
Deactivating autopickup; reactivate with Ctrl-A.
Something hits you. Something shocks you.
You see here a +0 robe.
Unknown command.
You hit something but do no damage. Your punch misses something.
Something hits you. Something shocks you.
Your +1 dagger of holy wrath stops glowing.
You feel stronger.
You feel agile.
a - the +10 dagger "Susom" (weapon)
{vorpal, *Rage MP+9 Str+4 Dex+5} You feel your magic capacity decrease.
Your +2 dagger of venom begins to drip with poison!
b - a +2 dagger of venom (weapon)
Something hits you but does no damage.
You miss something. You miss something. Something hits you.
Something shocks you.
You hit something but do no damage. You barely miss something.
Something hits you.
* * * LOW HITPOINT WARNING * * *
Something shocks you.
* * * LOW HITPOINT WARNING * * *
You miss something.
Your +2 long sword of freezing falls from the air.
You hit something. Something hits you.
* * * LOW HITPOINT WARNING * * *
Something shocks you.
* * * LOW HITPOINT WARNING * * *
You hit something but do no damage. You hit something. Something hits you.
* * * LOW HITPOINT WARNING * * *
Something shocks you.
You die...

#.. ##.# ..
.#. #.♣..
... #+#
#'### #..
#.#.# #..
#...#
#.#######{#
#.....†.@)#
###.#######
#.# #.#
#.####
#.##.##
#.#.#.##
#....#.#
###...##


There were no monsters in sight!

Vanquished Creatures
  Pikel (D:7)
  2 steam dragons
  Duvessa (D:5)
  A water moccasin (D:6)
  An orc warrior (D:8)
  An ice beast (D:5)
  A black bear (D:5)
  An ogre (D:5)
  A phantom (D:4)
  A centaur (D:5)
  2 lemures (D:7)
  Blork the orc (D:4)
  2 bullfrogs
  2 gnoll sergeants
  A scorpion (D:5)
  6 wights
  Dowan (D:5)
  3 killer bees (D:8)
  4 howler monkeys (D:8)
  2 gnoll boudas
  5 hounds (D:6)
  4 jellies
  Ijyb (D:3)
  Jessica (D:3)
  Terence (D:2)
  5 iguanas
  7 orc wizards
  18 gnolls
  Robin (D:3)
  3 adders
  5 white imps
  A worm (D:7)
  A dart slug (D:2)
  14 orcs
  6 ball pythons
  2 bats
  6 endoplasms
  5 giant cockroaches
  21 goblins
  9 hobgoblins
  2 jackals (D:2)
  5 quokkas
  3 frilled lizards
  8 kobolds
  5 rats
174 creatures vanquished.

Vanquished Creatures (collateral kills)
  An ice beast (D:6)
  2 wights
  An orc (D:6)
4 creatures vanquished.

Vanquished Creatures (others)
  5 dancing weapons
5 creatures vanquished.

Grand Total: 183 creatures vanquished

Notes
Turn   | Place    | Note
-------+----------+-------------------------------------------
     0 | D:5      | drugrobin the Demigod Delver began the quest for the Orb.
     0 | D:5      | Reached XP level 1. HP: 18/18 MP: 3/3
    27 | D:5      | Identified the +10 dagger "Susom" {vorpal, *Rage MP+9 Str+4
                  | Dex+5}
   117 | D:5      | Noticed an iguana
   136 | D:5      | Noticed a black bear
   237 | D:4      | Found Suromim's Weapon Shop.
   256 | D:4      | Noticed Blork the orc
   276 | D:4      | Reached skill level 2 in Short Blades
   395 | D:3      | Noticed an orc wizard
   399 | D:3      | Reached XP level 2. HP: 25/25 MP: 4/4
   402 | D:3      | Reached skill level 3 in Short Blades
   402 | D:3      | Reached XP level 3. HP: 30/30 MP: 5/5
   461 | D:2      | Noticed Terence
   470 | D:2      | Killed Terence
   536 | D:2      | Found a runed translucent door.
   537 | D:2      | Noticed Crazy Yiuf
   710 | D:1      | Reached skill level 4 in Short Blades
   813 | D:1      | Reached XP level 4. HP: 37/37 MP: 6/6
  1351 | D:2      | Found Woestood's Magic Scroll Shoppe.
  1366 | D:2      | Bought a scroll of enchant weapon for 82 gold pieces
  1366 | D:2      | Bought a scroll of identify for 22 gold pieces
  1366 | D:2      | Bought a scroll of noise for 11 gold pieces
  1366 | D:2      | Bought a scroll of identify for 22 gold pieces
  1997 | D:3      | Noticed Robin
  2148 | D:3      | Killed Robin
  2449 | D:3      | Reached skill level 5 in Short Blades
  2587 | D:3      | Noticed Ijyb
  2605 | D:3      | Killed Ijyb
  2606 | D:3      | Reached XP level 5. HP: 30/42 MP: 6/7
  2703 | D:3      | Noticed Jessica
  2726 | D:3      | Killed Jessica
  2968 | D:4      | HP: 3/63 [phantom (2)]
  2977 | D:4      | Reached skill level 6 in Short Blades
  2977 | D:4      | Reached XP level 6. HP: 50/50 MP: 7/8
  3090 | D:4      | Killed Blork the orc
  3180 | D:4      | Learned a level 3 spell: Tukima's Dance
  3373 | D:5      | Reached skill level 1 in Hexes
  3430 | D:5      | Reached skill level 7 in Short Blades
  3527 | D:5      | Noticed Duvessa
  3527 | D:5      | Noticed Dowan
  3531 | D:5      | Killed Duvessa
  3532 | D:5      | Reached XP level 7. HP: 56/56 MP: 9/9
  3535 | D:5      | Killed Dowan
  4011 | D:5      | Found Neamp's Distillery.
  4023 | D:5      | Reached skill level 8 in Short Blades
  4131 | D:5      | Bought a potion of curing for 36 gold pieces
  4483 | D:5      | Reached XP level 8. HP: 47/62 MP: 10/10
  5105 | D:6      | Reached skill level 9 in Short Blades
  6844 | D:6      | Reached skill level 10 in Short Blades
  6844 | D:6      | Reached skill level 5 in Hexes
  7110 | D:7      | Found a staircase to the Ecumenical Temple.
  7160 | D:6      | Reached XP level 9. HP: 22/68 MP: 7/11
  7655 | D:7      | Noticed Pikel
  7705 | D:7      | Killed Pikel
  8967 | D:8      | Slain by a sky beast

Illustrated notes

Levels and vault maps discovered:
D:1:      minmay_arrival_diagonal_passages, layout_rooms, nicolae_titane
D:2:      layout_loops_ring, basic_ecumenical_altar, serial_shops, shop,
          minmay_goblin_outpost, uniq_terence, uniq_crazy_yiuf_cottage
D:3:      layout_basic, uniq_ijyb, uniq_robin, uniq_jessica
D:4:      layout_rooms, serial_shops, shop, uniq_blork_the_orc
D:5:      layout_basic, serial_shops, shop, uniq_duvessa
D:6:      layout_loops_corners, minmay_overflow_temple_star_hex
D:7:      layout_cave_pools, slow_altar_2, minmay_temple_entry_glass,
          minmay_misc_feat_tiny, uniq_pikel
D:8:      layout_loops_ring, gammafunk_temple_overflow_statue,
          minmay_misc_feat_hallway, grunt_ministairs_13
D:9:      layout_roguey, erik_lair_dragon, chequers_garden

Skill      XL: |  1  2  3  4  5  6  7  8  9 |
---------------+----------------------------+-----
Short Blades   | 2 3 4 5 6 7 8 10 | 10.0
Hexes          | 1 3 5 8 |  8.7
Fighting       | |  2.6
Dodging        | |  1.7
Stealth        | |  4.5

Action                   |  1- 3 |  4- 6 |  7- 9 || total
-------------------------+-------+-------+-------++-------
Melee: Dagger            |    35 |   155 |   507 ||   697
       Punch             |       |     1 |     7 ||     8
       Short sword       |       |       |    16 ||    16
 Fire: Sling             |       |    24 |       ||    24
 Cast: Tukima's Dance    |       |     1 |    16 ||    17
Evoke: Wand              |       |     3 |     4 ||     7
  Use: Potion            |       |     6 |     2 ||     8
       Scroll            |       |       |     1 ||     1
 Stab: Sleeping          |     6 |     8 |    10 ||    24
Armor: Leather armour    |     3 |    26 |    52 ||    81
       Skin              |       |     7 |       ||     7
Dodge: Dodged            |    12 |    65 |   199 ||   276

Table legend: (Time is in decaauts)
 A = Elapsed time spent in this place.
 B = Non-inter-level travel time spent in this place.
 C = Inter-level travel time spent in this place.
 D = Time resting spent in this place.
 E = Time spent auto-exploring this place.
 F = Levels seen in this place.
 G = Mean time per level.
                   A        B        C        D        E       F      G
               +--------+--------+--------+--------+--------+-----+--------+
         Total |   8915 |   8678 |    237 |   1831 |   4645 |   9 |  990.6 |
       Dungeon |   8915 |   8678 |    237 |   1831 |   4645 |   9 |  990.6 |
               +--------+--------+--------+--------+--------+-----+--------+

Top non-repeatable levels by time:
     D:6: 2018 daAuts
     D:5: 1683 daAuts
     D:2: 1106 daAuts
     D:7: 1013 daAuts
     D:3: 1013 daAuts
     D:4: 839 daAuts
     D:8: 586 daAuts
     D:1: 487 daAuts
     D:9: 167 daAuts
